 Dungeon Crawl Stone Soup version 0.29.0-15-g675c0067aa (webtiles) character file.

Game seed: 10340815071588846179

154 monitor4703 the Trooper (level 5, -5/47 HPs)
             Began as a Minotaur Fighter on Sept 11, 2022.
             Was a Follower of Zin.
             Slain by Pikel
             ... wielding a +0 whip of electrocution
              (6 damage)
             ... on level 4 of the Dungeon.
             The game lasted 00:08:45 (2953 turns).

monitor4703 the Trooper (Minotaur Fighter)          Turns: 2953, Time: 00:08:46

Health: -5/47      AC:  7    Str: 20    XL:     5   Next: 13%
Magic:  4/4        EV:  9    Int:  5    God:    Zin [*.....]
Gold:   151        SH:  6    Dex: 12    Spells: 4/4 levels left

rFire   . . .      SeeInvis .   a - +0 war axe
rCold   . . .      Faith    .   c - +1 buckler
rNeg    . . .      Spirit   .   b - +0 scale mail
rPois   .          Reflect  .   (helmet restricted)
rElec   .          Harm     .   (no cloak)
rCorr   .          Rampage  .   (no gloves)
Will    .....                   (no boots)
Stlth   ..........              (no amulet)
HPRegen 0.15/turn               (no ring)
MPRegen 0.09/turn               (no ring)

@: no status effects
A: horns 2, retaliatory headbutt
a: Renounce Religion, Recite, Donate Gold


You were on level 4 of the Dungeon.
You worshipped Zin.
Zin was aware of your devotion.
You visited 1 branch of the dungeon, and saw 5 of its levels.
You also visited: Sewer.

You collected 198 gold pieces.
You spent 28 gold pieces at shops.
You donated 19 gold pieces to Zin.

Inventory:

Hand Weapons
 a - a +0 war axe (weapon)
Armour
 b - a +0 scale mail (worn)
 c - a +1 buckler (worn)
Jewellery
 k - an amulet of regeneration
Scrolls
 e - a scroll of immolation
 f - a scroll of enchant armour
 h - a scroll of poison
 l - a scroll of fear {unknown}
 m - a scroll of amnesia
 n - a scroll of teleportation
Potions
 d - 4 potions of might
 i - a potion of lignification {unknown}
 j - a potion of flight {unknown}
 o - a potion of curing {unknown}
 p - 2 potions of cancellation
 q - 3 potions of magic
 r - a potion of heal wounds {unknown}
 s - 2 potions of invisibility


   Skills:
 + Level 4.7 Fighting
 + Level 3.8 Axes
 + Level 4.7 Armour
 + Level 4.7 Shields


You had 4 spell levels left.
You didn't know any spells.
Your spell library was empty.

Dungeon Overview and Level Annotations

Branches:
Dungeon (5/15)              Sewer (visited)
 Temple: D:4-7

Altars:
Cheibriados
Fedhas
Zin

Shops:
D:4 *

Annotations:
D:4 Pikel
D:5 Duvessa


Innate Abilities, Weirdness & Mutations

You have a pair of horns on your head.
You reflexively headbutt those who attack you in melee.


Message History

The kobold attacks as you move away! You block the kobold's attack.
The orc closely misses you. You furiously retaliate!
You headbutt the orc!
You kill the orc!
The orc barely misses you.
You closely miss the orc wizard. You barely miss the orc.
You barely miss the kobold. You block the kobold's attack. The orc misses you.
The orc wizard barely misses you. You block the kobold's attack.
The orc wizard hits you with a +0 dagger.
* * * LOW HITPOINT WARNING * * *
You block the orc's attack.
You closely miss the orc wizard. Your headbutt misses the orc wizard.
You closely miss the orc. You miss the kobold.
You block the orc wizard's attack. The orc hits you with a +0 club.
* * * LOW HITPOINT WARNING * * *
The gnoll hits you with a +0 whip.
* * * LOW HITPOINT WARNING * * *
You completely miss the orc wizard. You slash Pikel!
You hit the gnoll but do no damage. You closely miss the orc.
You block the orc's attack.
The orc wizard points at you and mumbles some strange words.
The puff of flame hits you.
* * * LOW HITPOINT WARNING * * *
The gnoll hits you with a +0 whip.
* * * LOW HITPOINT WARNING * * *
You hit the orc wizard.
The orc wizard is moderately wounded.
You closely miss Pikel. You closely miss the gnoll. You barely miss the orc.
Pikel closely misses you. You furiously retaliate!
You headbutt Pikel! The orc hits you but does no damage.
The orc wizard hits you but does no damage.
You block the gnoll's attack. You block Pikel's attack.
The orc wizard hits you with a +0 dagger.
* * * LOW HITPOINT WARNING * * *
You block the orc's attack.
You slash the orc wizard!
The orc wizard is almost dead.
You slash Pikel! You barely miss the gnoll. You hit the orc.
The gnoll closely misses you.
Pikel hits you with a +0 whip of electrocution.
You die...

#.............#### ### .
#.....#.#........### #.###
..##....#####.#.......#####...#
..##...## ###...............##
..####..# #....#...........##
..###..### ##..##.........#..#
)..).....#### #....#.......#....#
.$..)....#..# ###o.###..####.....
............####@o..#...####....#
(.()..........#Kg#[.....##.#.....
.?......###...ggK##...#..#.......
...##g..# #..#######.##....###..#
...#...## #....# #......### #.#
......#####.##.# ##.##..## ##
......#.#...##.###...#...##
.....>...g...#............#
##......#....#...........##


You could see Pikel, an orc wizard, 3 gnolls, an orc and a kobold.

Vanquished Creatures
  A hound (D:4)
  4 adders
  A worm (D:3)
  A dart slug (D:1)
  7 orcs
  9 ball pythons
  2 endoplasms
  3 goblins
  5 hobgoblins
  20 kobolds
  5 quokkas (D:3)
  9 bats
  2 frilled lizards
  3 rats
72 creatures vanquished.

Vanquished Creatures (others)
  2 fungi (Sewer)
  A plant (Sewer)
3 creatures vanquished.

Grand Total: 75 creatures vanquished

Notes
Turn   | Place    | Note
-------+----------+-------------------------------------------
     0 | D:1      | monitor4703 the Minotaur Fighter began the quest for the
                  | Orb.
     0 | D:1      | Reached XP level 1. HP: 19/19 MP: 0/0
    85 | D:1      | Noticed a shining eye
    86 | D:1      | Found a faded altar of an unknown god.
    88 | D:1      | Noticed a floating eye
    90 | D:1      | Noticed a shining eye
    90 | D:1      | Noticed a floating eye
   220 | D:1      | Reached XP level 2. HP: 26/27 MP: 1/1
   902 | D:2      | Reached XP level 3. HP: 33/33 MP: 2/2
  1511 | D:3      | Found a glowing drain.
  1524 | Sewer    | Entered a sewer
  1689 | Sewer    | Reached XP level 4. HP: 41/41 MP: 3/3
  2042 | D:3      | Found a snail-covered altar of Cheibriados.
  2498 | D:3      | Found a glowing silver altar of Zin.
  2500 | D:3      | Found a blossoming altar of Fedhas.
  2536 | D:3      | Became a worshipper of Zin the Law-Giver
  2536 | D:3      | Reached * piety under Zin
  2805 | D:4      | Found Usay's General Store.
  2815 | D:4      | Bought a scroll of identify for 28 gold pieces
  2906 | D:4      | Reached XP level 5. HP: 44/47 MP: 4/4
  2934 | D:5      | Entered Level 5 of the Dungeon
  2934 | D:5      | Noticed Pikel
  2934 | D:5      | Noticed a lemure
  2934 | D:5      | Noticed a lemure
  2934 | D:5      | Noticed a lemure
  2934 | D:5      | Noticed a lemure
  2934 | D:5      | Noticed an ogre
  2935 | D:5      | Noticed Duvessa
  2951 | D:4      | HP: 2/47 [gnoll/+0 whip (3)]
  2953 | D:4      | Slain by Pikel

Illustrated notes

Levels and vault maps discovered:
D:1:      onia_arrival_pentagram, layout_rooms,
          hellmonk_ecumenical_altar_watching_god
D:2:      layout_loops_corners, kennysheep_cross_room, minmay_misc_feat_x,
          grunt_ministairs_8, st_stairs_1
D:3:      layout_basic, mainiacjoe_overflow_small_starburst,
          chequers_temple_overflow_statue_of_worship, portal_sewer_entry_f
D:4:      layout_cave_pools, serial_shops, nicolae_shop_waterfront
D:5:      kennysheep_spiral_hall, layout_loops_cross,
          mainiacjoe_overflow_boulevard, minmay_temple_entry_glass,
          ebering_ghost_gozag, uniq_pikel, uniq_duvessa

Skill      XL: |  1  2 |
---------------+-------+-----
Armour         | 4 |  4.7
Fighting       | 4 |  4.7
Axes           | 3 |  3.8
Shields        | 4 |  4.7

Action                   |  1- 3 |  4- 6 || total
-------------------------+-------+-------++-------
Melee: War axe           |    81 |    92 ||   173
       Headbutt          |    10 |    11 ||    21
  Use: Scroll            |       |     8 ||     8
Armor: Scale mail        |    35 |    42 ||    77
Dodge: Dodged            |    36 |    48 ||    84
Block: Buckler           |    20 |    45 ||    65
